 Dungeon Crawl Stone Soup version 0.22-a0-166-g5351223 (webtiles) character file.

1314 Azzok the Sneak (level 8, -8/58 HPs)
             Began as a Gnoll Enchanter on Feb 13, 2018.
             Mangled by a vampire mosquito (11 damage)
             ... on level 7 of the Dungeon.
             The game lasted 00:15:09 (5959 turns).

Azzok the Sneak (Gnoll Enchanter)                   Turns: 5959, Time: 00:15:10

Health: -8/58      AC:  5    Str: 10    XL:     8   Next: 58%
Magic:  2/17       EV: 16    Int: 20    God:
Gold:   446        SH:  0    Dex: 16    Spells: 13/19 levels left

rFire    . . .     SeeInvis .   a - +1 dagger
rCold    . . .     Gourm    .   (no shield)
rNeg     . . .     Faith    .   b - +0 robe
rPois    .         Spirit   .   n - +0 helmet
rElec    .         Reflect  .   (no cloak)
rCorr    .         Harm     .   q - +0 pair of gloves
MR       .....                  w - +0 pair of boots
Stlth    ++++......             (no amulet)
HPRegen  0.19/turn              (no ring)
MPRegen  0.15/turn              (no ring)

@: very slightly contaminated
A: distributed training, fangs 1, strong nose
a: no special abilities


You were on level 7 of the Dungeon.
You were hungry.

You visited 1 branch of the dungeon, and saw 9 of its levels.
You also visited: Ossuary.

You collected 446 gold pieces.

Inventory:

Hand Weapons
 a - a +1 dagger (weapon)
Armour
 b - a +0 robe (worn)
 n - a +0 helmet (worn)
 q - a +0 pair of gloves (worn)
 w - a +0 pair of boots (worn)
Jewellery
 j - an uncursed amulet of magic regeneration {unknown}
Wands
 F - a wand of iceblast (9)
Scrolls
 f - a scroll of noise {unknown}
 h - 10 scrolls of identify {unknown}
 i - 7 scrolls of remove curse {unknown}
 l - 3 scrolls of magic mapping {unknown}
 o - 3 scrolls of teleportation {unknown}
 p - 2 scrolls of enchant weapon {unknown}
 s - a scroll of enchant armour {unknown}
 u - 2 scrolls of immolation {unknown}
 y - a scroll of amnesia {unknown}
 D - a scroll of fog {unknown}
Potions
 e - 4 potions of ambrosia {unknown}
 g - 3 potions of heal wounds {unknown}
 k - a potion of lignification {unknown}
 m - 3 potions of resistance
 r - a potion of cancellation {unknown}
 t - a potion of haste {unknown}
 v - a potion of invisibility {unknown}
 x - a potion of flight {unknown}
 z - 3 potions of might {unknown}
 A - 2 potions of brilliance {unknown}
 B - 5 potions of curing {unknown}
 C - 2 potions of agility {unknown}
Books
 c - a book of Maledictions

   Spells                             Type                      Level
   a - Corona                         Hexes                        1
   b - Ensorcelled Hibernation        Hexes/Ice                    2
   c - Confuse                        Hexes                        3
   d - Tukima's Dance                 Hexes                        3
   e - Dazzling Spray                 Conjuration/Hexes            3
Comestibles
 d - 12 rations
 E - 2 chunks of flesh


   Skills:
 + Level 3.3 Fighting
 + Level 4.2 Short Blades
 + Level 3.3 Long Blades
 + Level 3.3 Axes
 + Level 3.3 Maces & Flails
 + Level 3.3 Polearms
 + Level 3.3 Staves
 + Level 3.3 Slings
 + Level 3.3 Bows
 + Level 3.3 Crossbows
 + Level 3.3 Throwing
 + Level 3.3 Armour
 + Level 5.7 Dodging
 + Level 6.9 Stealth
 + Level 3.3 Shields
 + Level 3.3 Unarmed Combat
 + Level 6.1 Spellcasting
 + Level 2.7 Conjurations
 + Level 6.1 Hexes
 + Level 2.7 Charms
 + Level 2.7 Summonings
 + Level 2.7 Necromancy
 + Level 2.7 Translocations
 + Level 2.7 Transmutations
 + Level 2.7 Fire Magic
 + Level 2.7 Ice Magic
 + Level 2.7 Air Magic
 + Level 2.7 Earth Magic
 + Level 2.7 Poison Magic
 + Level 3.6 Invocations
 + Level 3.3 Evocations


You had 13 spell levels left.
You knew the following spells:

 Your Spells              Type           Power        Failure   Level  Hunger
a - Corona                Hex            ####...      1%          1    None
b - Ensorcelled Hibernat  Hex/Ice        ###...       2%          2    None
c - Confuse               Hex            ####....     2%          3    ##.....


Dungeon Overview and Level Annotations

Branches:
Dungeon (9/15)
 Temple: D:4-7         Lair: D:8-11         Orc: D:9-12

Altars:
Nemelex Xobeh
Ru
Trog
The Shining One

Shops:
D:4 [


Innate Abilities, Weirdness & Mutations

Your experience applies equally to all skills.
You have very sharp teeth.
Your uncanny sense of smell can sniff out nearby items.


Message History

* * * LOW MAGIC WARNING * * *
The vampire mosquito completely misses you.
The vampire mosquito barely misses you. The vampire mosquito misses you.
The vampire mosquito bites you.
* * * LOW HITPOINT WARNING * * *
The vampire mosquito draws strength from your injuries!
You hit the vampire mosquito.
The vampire mosquito is lightly damaged.
The vampire mosquito completely misses you.
You hit the vampire mosquito.
The vampire mosquito is lightly damaged.
The vampire mosquito barely misses you. The vampire mosquito misses you.
You hit the vampire mosquito.
The vampire mosquito is moderately damaged.
The vampire mosquito closely misses you.
You hit the vampire mosquito.
The vampire mosquito is moderately damaged.
The vampire mosquito bites you!
You die...

▒╬ ▒· ▒· ▒
▒▒·▒▒▒▒▒▒▒····
▒··>·y@······▒
▒·····▒▒▒▒▒▒··▒
▒▒····▒ ▒▒·▒·▒
▒·▒·▒ ·····
▒▒·▒·▒ ▒·▒·▒


You could see a vampire mosquito.

Vanquished Creatures
  Grinder (D:3)
  2 phantoms
  Purgy (D:3)
  A centaur (D:5)
  2 ogres
  2 scorpions
  A crimson imp (D:5)
  A jelly (D:5)
  An iguana (D:4)
  Terence (D:2)
  3 worker ants
  An orc wizard (D:2)
  8 mummies (Ossuary)
  4 gnolls (D:3)
  6 adders
  2 oozes
  An adder skeleton (D:5)
  A worm (D:3)
  2 dart slugs
  7 leopard geckos
  7 orcs
  2 giant cockroaches
  2 gnoll zombies (Ossuary)
  6 goblins
  7 hobgoblins
  3 jackals (D:4)
  2 quokkas
  A ball python (D:1)
  7 frilled lizards
  A goblin zombie (D:5)
  A hobgoblin zombie (Ossuary)
  A jackal skeleton (D:4)
  6 kobolds
  2 kobold zombies (Ossuary)
  A leopard gecko zombie (D:5)
  3 orc zombies (Ossuary)
  8 rats
  A rat zombie (D:5)
109 creatures vanquished.

Notes
Turn   | Place    | Note
-------+----------+-------------------------------------------
     0 | D:1      | Azzok the Gnoll Enchanter began the quest for the Orb.
     0 | D:1      | Reached XP level 1. HP: 13/13 MP: 6/6
   168 | D:1      | Reached XP level 2. HP: 9/19 MP: 5/7
   172 | D:1      | Learned a level 2 spell: Ensorcelled Hibernation
  1105 | D:2      | Noticed a scorpion
  1109 | D:2      | Killed a scorpion
  1109 | D:2      | Reached skill level 1 in Fighting
  1109 | D:2      | Reached skill level 1 in Long Blades
  1109 | D:2      | Reached skill level 1 in Axes
  1109 | D:2      | Reached skill level 1 in Maces & Flails
  1109 | D:2      | Reached skill level 1 in Polearms
  1109 | D:2      | Reached skill level 1 in Staves
  1109 | D:2      | Reached skill level 1 in Slings
  1109 | D:2      | Reached skill level 1 in Bows
  1109 | D:2      | Reached skill level 1 in Crossbows
  1109 | D:2      | Reached skill level 1 in Throwing
  1109 | D:2      | Reached skill level 1 in Armour
  1109 | D:2      | Reached skill level 1 in Shields
  1109 | D:2      | Reached skill level 1 in Unarmed Combat
  1109 | D:2      | Reached skill level 5 in Spellcasting
  1109 | D:2      | Reached skill level 1 in Invocations
  1109 | D:2      | Reached skill level 1 in Evocations
  1109 | D:2      | Reached XP level 3. HP: 26/26 MP: 7/9
  1109 | D:2      | Reached XP level 4. HP: 32/32 MP: 8/11
  1219 | D:2      | Reached skill level 1 in Conjurations
  1219 | D:2      | Reached skill level 1 in Charms
  1219 | D:2      | Reached skill level 1 in Summonings
  1219 | D:2      | Reached skill level 1 in Necromancy
  1219 | D:2      | Reached skill level 1 in Translocations
  1219 | D:2      | Reached skill level 1 in Transmutations
  1219 | D:2      | Reached skill level 1 in Fire Magic
  1219 | D:2      | Reached skill level 1 in Ice Magic
  1219 | D:2      | Reached skill level 1 in Air Magic
  1219 | D:2      | Reached skill level 1 in Earth Magic
  1219 | D:2      | Reached skill level 1 in Poison Magic
  1500 | D:2      | Noticed Terence
  1507 | D:2      | Killed Terence
  1507 | D:2      | Reached XP level 5. HP: 37/37 MP: 5/12
  2143 | D:2      | Found a sacrificial altar of Ru.
  2144 | D:2      | Found a glowing golden altar of the Shining One.
  2148 | D:2      | Found a sparkling altar of Nemelex Xobeh.
  2771 | D:3      | Noticed Grinder
  2868 | D:3      | Learned a level 3 spell: Confuse
  3244 | D:3      | Reached XP level 6. HP: 44/44 MP: 2/13
  3530 | D:3      | Noticed Purgy
  3538 | D:3      | Killed Purgy
  3538 | D:3      | Reached skill level 5 in Dodging
  3663 | D:3      | Killed Grinder
  3663 | D:3      | Reached XP level 7. HP: 50/50 MP: 9/15
  3791 | D:4      | Found Caddov's Armour Shoppe.
  4087 | D:4      | Found a sparkling altar of Nemelex Xobeh.
  4298 | D:5      | Entered Level 5 of the Dungeon
  4487 | D:5      | Found a bloodstained altar of Trog.
  4546 | D:5      | Reached XP level 8. HP: 57/57 MP: 16/16
  4897 | D:5      | Found a sand-covered staircase.
  4905 | Ossuary  | Entered an ossuary
  5866 | D:6      | You fall through a shaft for 3 floors!
  5948 | D:8      | Noticed a two-headed ogre
  5959 | D:7      | Mangled by a vampire mosquito

Vault maps used:
D:1:      dpeg_arrival_rhombi
D:2:      minitemple, uniq_terence
D:3:      first_ration, uniq_grinder, uniq_purgy
D:4:      cheibrodos_old_hovel, serial_shops, shop, nemelex_lonely_heart_becter
D:5:      enter_ossuary_4, trog_three_pillars_becter
D:6:      cheibrodos_iron_armory, minmay_misc_feat_hallway,
          grunt_dithmenos_smoke
D:7:      fedhas_altar_decomposition, minmay_temple_entry_statues_pillars
D:8:      hangedman_ranch, minmay_misc_feat_tiny
D:9:      david_orc_3
Ossuary:  ossuary_tomb_3

Skill      XL: |  1  2  3  4  5  6  7  8 |
---------------+-------------------------+-----
Fighting       | 1 2 3 |  3.3
Long Blades    | 1 2 3 |  3.3
Axes           | 1 2 3 |  3.3
Maces & Flails | 1 2 3 |  3.3
Polearms       | 1 2 3 |  3.3
Staves         | 1 2 3 |  3.3
Slings         | 1 2 3 |  3.3
Bows           | 1 2 3 |  3.3
Crossbows      | 1 2 3 |  3.3
Throwing       | 1 2 3 |  3.3
Armour         | 1 2 3 |  3.3
Stealth        | 6 |  6.9
Shields        | 1 2 3 |  3.3
Unarmed Combat | 1 2 3 |  3.3
Spellcasting   | 5 6 |  6.1
Invocations    | 1 2 3 |  3.6
Evocations     | 1 2 3 |  3.3
Conjurations   | 1 2 |  2.7
Charms         | 1 2 |  2.7
Summonings     | 1 2 |  2.7
Necromancy     | 1 2 |  2.7
Translocations | 1 2 |  2.7
Transmutations | 1 2 |  2.7
Fire Magic     | 1 2 |  2.7
Ice Magic      | 1 2 |  2.7
Air Magic      | 1 2 |  2.7
Earth Magic    | 1 2 |  2.7
Poison Magic   | 1 2 |  2.7
Short Blades   | 3 4 |  4.2
Dodging        | 5 |  5.7
Hexes          | 6 |  6.1

Action                   |  1- 3 |  4- 6 |  7- 9 || total
-------------------------+-------+-------+-------++-------
Melee: Dagger            |    28 |   115 |   176 ||   319
       Bite              |     2 |     5 |    13 ||    20
       Punch             |       |       |     2 ||     2
 Cast: Corona            |     4 |    20 |     6 ||    30
       Ensorcelled Hiber |       |    26 |    24 ||    50
       Confuse           |       |     3 |    31 ||    34
 Stab: Sleeping          |     4 |    22 |    24 ||    50
       Confused          |       |     2 |    13 ||    15
  Eat: Chunk             |       |     8 |     5 ||    13
       Ration            |       |       |     1 ||     1
Armor: Robe              |     5 |    17 |    28 ||    50
Dodge: Dodged            |    12 |    68 |    99 ||   179

Table legend:
 A = Spawn XP
 B = Non-spawn XP
 C = Spawn XP percentage of total XP
 D = Spawn monster count
 E = Non-spawn monster count
 F = Spawn count percentage of total count
 G = Total turns spent on level
                    A         B        C        D         E        F      G
               +---------+---------+-------+---------+---------+-------+---------
         Total |       0 |    1878 |   0.0 |       0 |     109 |   0.0 |  5959
               +---------+---------+-------+---------+---------+-------+---------
           D:1 |       0 |      23 |   0.0 |       0 |      10 |   0.0 |  1103
           D:2 |       0 |     196 |   0.0 |       0 |      18 |   0.0 |  1157
           D:3 |       0 |     527 |   0.0 |       0 |      28 |   0.0 |  1525
           D:4 |       0 |     338 |   0.0 |       0 |      17 |   0.0 |   513
           D:5 |       0 |     517 |   0.0 |       0 |      19 |   0.0 |   860
           D:9 |       0 |     121 |   0.0 |       0 |       1 |   0.0 |    73
       Ossuary |       0 |     156 |   0.0 |       0 |      16 |   0.0 |   657
               +---------+---------+-------+---------+---------+-------+---------
